 Dungeon Crawl Stone Soup version 0.30-b1-2-g02819fbbbe (webtiles) character file.

Game seed: 15006652257026208025

557 Alarkh the Trooper (level 7, 29/59 HPs)
             Began as a Demonspawn Artificer on Nov 22, 2023.
             Was a Follower of Uskayaw.
             Got out of the dungeon alive.
             The game lasted 00:04:56 (2849 turns).

Alarkh the Trooper (Demonspawn Artificer)           Turns: 2849, Time: 00:04:56

Health: 29/59      AC:  6    Str: 12    XL:     7   Next: 9%
Magic:  10/10      EV: 12    Int: 15    God:    Uskayaw [*.....]
Gold:   208        SH:  0    Dex: 13    Spells: 6/6 levels left

rFire   . . .        a - +0 dagger (elec)
rCold   . . .        (no shield)
rNeg    . . .        s - +0 ring mail
rPois   .            (helmet restricted)
rElec   .            (no cloak)
rCorr   .            (no gloves)
SInv    +            i - +0 pair of boots
Will    .....        (no amulet)
Stlth   +            m - ring of see invisible
HPRegen 0.29/turn    (no ring)
MPRegen 0.12/turn

%: no passive effects
@: no status effects
A: antennae 1, repulsion field 1, demonic magic 1
a: Renounce Religion, Stomp


You escaped.
You worshipped Uskayaw.
Uskayaw was noncommittal.
You visited 1 branch of the dungeon, and saw 4 of its levels.

You collected 208 gold pieces.

Inventory:

Hand Weapons
 a - a +0 dagger of electrocution (weapon)
 l - a +0 club
 u - a +1 dagger of draining
Armour
 i - a +0 pair of boots (worn)
 s - a +0 ring mail (worn)
Jewellery
 m - a ring of see invisible (left hand)
Wands
 c - a wand of flame (12) (quivered)
 d - a wand of charming (15)
 e - a wand of iceblast (1)
Scrolls
 h - 2 scrolls of enchant weapon {unknown}
 k - a scroll of fear {unknown}
 p - a scroll of amnesia
 q - a scroll of noise
 r - a scroll of identify
 t - 2 scrolls of vulnerability {unknown}
 v - a scroll of enchant armour {unknown}
 w - a scroll of magic mapping {unknown}
Potions
 b - a potion of lignification
 g - a potion of magic
 j - a potion of degeneration {unknown}
 n - 4 potions of curing
 o - a potion of brilliance


   Skills:
 + Level 6.8 Fighting
 - Level 1.7 Armour
 - Level 0.8 Dodging
 - Level 0.8 Stealth
 + Level 4.0 Invocations
 - Level 3.0 Evocations


You had 6 spell levels left.
You didn't know any spells.
Your spell library was empty.

Dungeon Overview and Level Annotations

Branches:
Dungeon (4/15)
 Temple: D:4-7

Altars:
Ashenzari
Fedhas
Makhleb
Okawaru
Sif Muna
Uskayaw

Annotations:
D:3 3 runed translucent doors, yogakurto's ghost, amateur DjCj


Innate Abilities, Weirdness & Mutations

You have a pair of small antennae on your head.
You are surrounded by a mild repulsion field. (EV +2)
Spells you cast may paralyse adjacent enemies.


Message History

You hit the dart slug.
The dart slug is moderately wounded.
You feel less wooden.
Your +0 pair of boots unmelds from your body.
Your +0 ring mail unmelds from your body.
You hit the dart slug but do no damage.
The dart slug is moderately wounded.
The dart slug barely misses you.
You completely miss the dart slug.
The dart slug is moderately wounded.
You hit the dart slug.
The dart slug is heavily wounded.
The dart slug launches a dart at you. The slug dart hits you.
* * * LOW HITPOINT WARNING * * *
You hit the dart slug.
The dart slug is almost dead.
A hobgoblin comes into view.
The hobgoblin shouts!
You hit the dart slug.
You kill the dart slug!
You see here a hobgoblin corpse.
There is a stone staircase leading up here.
You climb upwards.
Level annotation: 3 runed translucent doors, yogakurto's ghost, amateur DjCj Your extra speed is starting to run out.
There is a stone staircase leading down here.
The endoplasm quivers.
You feel yourself slow down.
There is a stone staircase leading up here.
You climb upwards.
There is a stone staircase leading down here.
There is a stone staircase leading up here.
You climb upwards.
There is a stone staircase leading down here.
There is an open door here.
There is an open door here.
There is a staircase leading out of the dungeon here.
Are you sure you want to leave the Dungeon?
This will make you lose the game!
You have escaped!

...#.#...#.#.#.#.#.#.#.#.........
####.####...............##.###...
## #.# #..........#......#.####.#
.# #.####.......#.......##.#.....
.# #...#......#....#.....#...##.#
.# ##.###...#...........###..#..#
## #.##..#...#.#.#.#....##.##...
#.###...............####..)#.
#####.##...#..#.@.#..#...##.#.)).
......###...............##..###..
########....#.#(#.#...#..#....#.#
##...........#...##.##..#.
#.....#....#......#.#####.
##.......#.......##.###...
#......#..........#.......
#########†..............#####..#.
.........#.#.#.#.#.#.#.#.......#.


There were no monsters in sight!

Vanquished Creatures
  Sigmund (D:2)
  An ogre (D:4)
  A phantom (D:4)
  An orc wizard (D:3)
  Natasha (thrice) (D:3)
  4 adders
  3 worms
  4 dart slugs
  8 orcs
  12 endoplasms
  4 giant cockroaches
  6 goblins
  11 hobgoblins
  4 jackals (D:3)
  3 quokkas
  2 ball pythons (D:1)
  A bat (D:2)
  A frilled lizard (D:3)
  3 kobolds
  5 rats
78 creatures vanquished.

Notes
Turn   | Place    | Note
-------+----------+-------------------------------------------
     0 | D:1      | Alarkh the Demonspawn Artificer began the quest for the
                  | Orb.
     0 | D:1      | Reached XP level 1. HP: 15/15 MP: 1/1
   157 | D:1      | Reached skill level 2 in Fighting
   195 | D:1      | Gained mutation: You are surrounded by a mild repulsion
                  | field. (EV +2) [demonic ancestry]
   195 | D:1      | Reached XP level 2. HP: 22/22 MP: 2/2
   926 | D:2      | Reached skill level 3 in Fighting
   929 | D:2      | Gained mutation: Spells you cast may paralyse adjacent
                  | enemies. [demonic ancestry]
   929 | D:2      | Reached XP level 3. HP: 29/29 MP: 3/3
   942 | D:2      | Noticed Sigmund
   956 | D:2      | Killed Sigmund
   957 | D:2      | Reached skill level 5 in Fighting
   957 | D:2      | Reached XP level 4. HP: 11/39 MP: 4/4
   957 | D:2      | Reached XP level 5. HP: 13/44 MP: 5/5
  1875 | D:3      | Noticed yogakurto's ghost (amateur DjCj)
  1875 | D:3      | Found a runed translucent gate.
  1875 | D:3      | Found a runed translucent gate.
  1875 | D:3      | Found a runed translucent gate.
  1905 | D:3      | Found a shimmering blue altar of Sif Muna.
  1906 | D:3      | Found a blossoming altar of Fedhas.
  1909 | D:3      | Found an iron altar of Okawaru.
  1910 | D:3      | Found a hide-covered altar of Uskayaw.
  1910 | D:3      | Found a burning altar of Makhleb.
  1911 | D:3      | Found a broken altar of Ashenzari.
  1936 | D:3      | Became a worshipper of Uskayaw the Reveller
  1978 | D:3      | Reached * piety under Uskayaw
  2019 | D:3      | Reached ** piety under Uskayaw
  2020 | D:3      | Reached skill level 6 in Fighting
  2088 | D:3      | Found a faded altar of an unknown god.
  2094 | D:3      | Reached XP level 6. HP: 52/52 MP: 6/6
  2147 | D:3      | Reached skill level 1 in Invocations
  2157 | D:3      | Reached *** piety under Uskayaw
  2374 | D:3      | Noticed Natasha
  2379 | D:3      | Killed Natasha
  2483 | D:3      | Noticed Natasha
  2503 | D:3      | Killed Natasha
  2608 | D:3      | Noticed Natasha
  2614 | D:3      | Killed Natasha
  2735 | D:4      | HP: 3/79 [orc/+0 whip (3)]
  2742 | D:4      | Gained mutation: You have a pair of small antennae on your
                  | head. [demonic ancestry]
  2742 | D:4      | Reached XP level 7. HP: 5/59 MP: 9/9
  2849 | D:$      | Got out of the dungeon alive.

Illustrated notes

Levels and vault maps discovered:
D:1:      co_arrival_square_in_a_square_in_a_square, layout_loops_ring,
          dk_noncrumbling_3, minmay_pentomino_z4
D:2:      layout_loops_cross, uniq_sigmund
D:3:      layout_rooms, grunt_temple_overflow_open, gammafunk_ghost_split,
          ebering_ecumenical_altar_box, chequers_serial_rivers_room_b,
          uniq_natasha
D:4:      layout_cave_pods, uniq_eustachio

Skill      XL: |  1  2  3  4  5  6  7 |
---------------+----------------------+-----
Fighting       | 2 3 5 6 |  6.8
Invocations    | 3 4 |  4.0
Armour         | |  1.7
Dodging        | |  0.8
Stealth        | |  0.8
Evocations     | |  3.0

Action                     |  1- 3 |  4- 6 |  7- 9 || total
---------------------------+-------+-------+-------++-------
  Melee: Club              |    63 |       |       ||    63
         Punch             |     3 |     4 |       ||     7
         Dagger            |    36 |   216 |    16 ||   268
  Evoke: Wand              |     3 |     4 |       ||     7
    Use: Scroll            |       |     4 |       ||     4
         Potion            |       |     3 |       ||     3
   Stab: Sleeping          |     3 |     1 |       ||     4
         Paralysed         |       |     1 |     3 ||     4
 Armour: Leather armour    |    13 |    12 |       ||    25
         Ring mail         |       |    61 |       ||    61
         Skin              |       |    26 |     6 ||    32
  Dodge: Dodged            |    53 |   124 |     2 ||   179
